 Dungeon Crawl Stone Soup version 0.28-a0-1213-g0243856f03 (webtiles) character file.

Game seed: 9672877665842212297

107 strifetoe the Ruffian (level 4, -5/44 HPs)
             Began as a Troll Monk on Dec 22, 2021.
             Was a Priest of Qazlal.
             Slain by a gnoll (8 damage)
             ... on level 3 of the Dungeon.
             The game lasted 00:02:09 (1731 turns).

strifetoe the Ruffian (Troll Monk)                  Turns: 1731, Time: 00:02:09

Health: -5/44      AC:  4    Str: 21    XL:     4   Next: 56%
Magic:  3/3        EV:  5    Int:  6    God:    Qazlal [***...]
Gold:   72         SH:  0    Dex: 12    Spells: 3/3 levels left

rFire   + . .      SeeInvis .     - Unarmed
rCold   . . .      Faith    .   (no shield)
rNeg    . . .      Spirit   .   a - +0 robe
rPois   .          Reflect  .   (helmet restricted)
rElec   .          Harm     .   (no cloak)
rCorr   .          Rampage  .   (gloves unavailable)
Will    .....                   (boots unavailable)
Stlth   +.........              (no amulet)
HPRegen 0.94/turn               i - ring of protection from fire
MPRegen 0.08/turn               (no ring)

@: held
A: large, unfitting armour, claws 3, regeneration 1, shaggy fur 1, tough skin 1
a: Renounce Religion, Upheaval, Elemental Force


You were on level 3 of the Dungeon.
You worshipped Qazlal.
Qazlal was most pleased with you.
You visited 1 branch of the dungeon, and saw 3 of its levels.

You collected 72 gold pieces.

Inventory:

Hand Weapons
 g - a +2 short sword of protection
Armour
 a - a +0 robe (worn)
 l - a +0 pair of gloves
Jewellery
 i - a ring of protection from fire (left claw)
Scrolls
 b - a scroll of amnesia {unknown}
 c - 4 scrolls of teleportation {unknown}
 d - a scroll of magic mapping {unknown}
 f - a scroll of silence {unknown}
 h - a scroll of holy word {unknown}
 j - a scroll of blinking {unknown}
 k - a scroll of fear {unknown}
Potions
 e - a potion of lignification {unknown}
 m - 2 potions of brilliance {unknown}


   Skills:
 - Level 2.4 Fighting
 - Level 2.4 Dodging
 - Level 1.0 Stealth
 + Level 0.1 Shields
 + Level 5.3 Unarmed Combat


You had 3 spell levels left.
You didn't know any spells.
Your spell library contained the following spells:

 Spells                   Type           Power      Damage    Failure   Level
 Animate Skeleton         Necr           0%         N/A       45%         1
 Pain                     Necr           0%         1d4       45%         1
 Tukima's Dance           Hex            0%         N/A       83%         3
 Vampiric Draining        Necr           0%         2d6       83%         3
 Passage of Golubria      Tloc           0%         N/A       99%         4
 Yara's Violent Unravell  Hex/Tmut       0%         3d3       100%        5


Dungeon Overview and Level Annotations

Branches:
Dungeon (3/15)

Altars:
Nemelex Xobeh
Qazlal
Trog
Wu Jian


Innate Abilities, Weirdness & Mutations

You are too large for most types of armour.
You have claws for hands.
Your natural rate of healing is unusually fast.
You are covered in fur. (AC +1)
You have tough skin. (AC +1)


Message History

You are held in a net!
You are held in a net!
You are held in a net!
You are held in a net!
You are held in a net!
You are held in a net!
You are held in a net!
You are held in a net!
You are held in a net!
You are held in a net!
You are held in a net!
You are held in a net!
You are held in a net!
You are held in a net!
You are held in a net!
You are held in a net!
You are held in a net!
Unknown command.
You are held in a net!
Unknown command.
You are held in a net!
Unknown command.
Unknown command.
You struggle against the net.
The dart slug launches a dart at you.
The slug dart hits you but does no damage.
The gnoll hits you from afar with a +0 spear.
The gnoll hits you from afar with a +0 halberd!
You struggle against the net.
The gnoll hits you from afar with a +0 spear.
The gnoll hits you from afar with a +0 halberd!
* * * LOW HITPOINT WARNING * * *
The dart slug launches a dart at you. The slug dart hits you.
* * * LOW HITPOINT WARNING * * *
The gnoll hits you with a +0 club.
* * * LOW HITPOINT WARNING * * *
You struggle against the net.
The gnoll hits you from afar with a +0 spear!
You die...

#.#.# #.# ..#.# #.#
####+# ##.## ##...##
#...# ##.....##
###.†.### (#.......##
##.......#
#.........####........##
+......☼..'.............
.......@§.####......####
.#...gwg.## ##.#...#
.....g..## ####.##
PP.....## #^# ....P.#
#.# ....P. #.# .PP...
#.# .PP... #.# #.#


You could see 3 gnolls and a dart slug.

Vanquished Creatures
  4 gnolls (D:3)
  An adder (D:2)
  An ufetubus (D:2)
  2 worms (D:3)
  A dart slug (D:1)
  6 endoplasms
  A giant cockroach (D:1)
  4 goblins
  3 hobgoblins
  5 kobolds
  2 quokkas (D:1)
  6 ball pythons
  A bat (D:2)
  2 frilled lizards
  7 rats
46 creatures vanquished.

Notes
Turn   | Place    | Note
-------+----------+-------------------------------------------
     0 | D:1      | strifetoe the Troll Monk began the quest for the Orb.
     0 | D:1      | Reached XP level 1. HP: 22/22 MP: 0/0
    99 | D:1      | Reached XP level 2. HP: 29/29 MP: 1/1
   267 | D:1      | Reached skill level 4 in Unarmed Combat
   636 | D:2      | Reached XP level 3. HP: 32/36 MP: 2/2
  1094 | D:2      | Found a faded altar of an unknown god.
  1134 | D:2      | Prayed at the altar of an unknown god.
  1134 | D:2      | Became a worshipper of Qazlal Stormbringer
  1134 | D:2      | Reached * piety under Qazlal
  1134 | D:2      | Reached ** piety under Qazlal
  1284 | D:3      | Found a bloodstained altar of Trog.
  1421 | D:3      | Found an ornate altar of the Wu Jian Council.
  1508 | D:3      | Reached skill level 5 in Unarmed Combat
  1508 | D:3      | Reached XP level 4. HP: 28/44 MP: 3/3
  1515 | D:3      | Reached *** piety under Qazlal
  1687 | D:3      | Found a sparkling altar of Nemelex Xobeh.
  1731 | D:3      | Slain by a gnoll

Illustrated notes

Levels and vault maps discovered:
D:1:      mrwooster_arrival_arrow, layout_loops_ring
D:2:      layout_loops_ring, shapermc_ecumenical_altar_notcrosses
D:3:      layout_loops_corners, mainiacjoe_overflow_alcove_1,
          old_standard_altar, lemuel_crystal_altar, nicolae_grassy_gnolls

Skill      XL: |  1  2  3 |
---------------+----------+-----
Unarmed Combat | 4 5 |  5.3
Fighting       | |  2.4
Dodging        | |  2.4
Stealth        | |  1.0
Shields        | |  0.1

Action                   |  1- 3 |  4- 6 || total
-------------------------+-------+-------++-------
Melee: Unarmed           |    82 |    16 ||    98
       Punch             |     2 |       ||     2
 Stab: Sleeping          |     5 |       ||     5
Armor: Robe              |    22 |     2 ||    24
Dodge: Dodged            |    35 |     3 ||    38
Block: Other             |       |     3 ||     3

Table legend: (Time is in decaauts)
 A = Elapsed time spent in this place.
 B = Non-inter-level travel time spent in this place.
 C = Inter-level travel time spent in this place.
 D = Time resting spent in this place.
 E = Time spent auto-exploring this place.
 F = Levels seen in this place.
 G = Mean time per level.
                   A        B        C        D        E       F      G
               +--------+--------+--------+--------+--------+-----+--------+
         Total |   1729 |   1686 |     43 |      0 |   1311 |   3 |  576.3 |
       Dungeon |   1729 |   1686 |     43 |      0 |   1311 |   3 |  576.3 |
               +--------+--------+--------+--------+--------+-----+--------+

Top non-repeatable levels by time:
     D:1: 625 daAuts
     D:2: 608 daAuts
     D:3: 495 daAuts
